[Event "ICCopen2017"]
[Site "Internet Chess Club"]
[Date "2017.03.19"]
[Round "1"]
[White "Palse"]
[Black "subterfuge"]
[Result "1-0"]
[ICCResult "Black resigns"]
[WhiteElo "2158"]
[BlackElo "1485"]
[Opening "Caro-Kann: Steinitz variation"]
[ECO "B17"]
[NIC "CK.02"]
[Time "19:00:49"]
[TimeControl "180+0"]

1. e4 c6 2. d4 d5 3. Nd2 dxe4 4. Nxe4 Nd7 5. Ng5 Ndf6 6. N1f3 e6 7. Ne5 Nh6
8. Bd3 Bd6 9. O-O Qc7 10. Qe2 b6 11. b3 Bb7 12. Bb2 O-O-O 13. h3 Nd5 14. Qf3
f6 15. Nxe6 Qf7 16. Nxd8 Rxd8 17. Nxf7 {Black resigns} 1-0

[Event "ICCopen2017"]
[Site "Internet Chess Club"]
[Date "2017.03.19"]
[Round "1"]
[White "sec7"]
[Black "FytinFrank"]
[Result "0-1"]
[ICCResult "White checkmated"]
[WhiteElo "1303"]
[BlackElo "1855"]
[Opening "Caro-Kann defense"]
[ECO "B12"]
[NIC "CK.01"]
[Time "19:01:11"]
[TimeControl "180+0"]

1. e4 c6 2. d4 g6 3. Bd3 d5 4. c3 dxe4 5. Bxe4 Nf6 6. Qd3 Nxe4 7. Qxe4 Bf5
8. Qe3 Nd7 9. Nf3 Bg7 10. O-O O-O 11. Re1 Re8 12. Na3 e5 13. dxe5 Nxe5 14.
Nxe5 Rxe5 15. Qd2 Qe7 16. Rxe5 Bxe5 17. h3 Rd8 18. Qd1 Rxd1# {White
checkmated} 0-1

[Event "ICCopen2017"]
[Site "Internet Chess Club"]
[Date "2017.03.19"]
[Round "1"]
[White "INDIAN-ELEPHANT"]
[Black "bhaiju"]
[Result "1-0"]
[ICCResult "Black resigns"]
[WhiteElo "2687"]
[BlackElo "1688"]
[Opening "Sicilian defense"]
[ECO "B33"]
[NIC "SI.34"]
[Time "19:01:50"]
[TimeControl "180+0"]

1. e4 c5 2. Nf3 Nc6 3. d4 cxd4 4. Nxd4 Nf6 5. Nc3 e6 6. Nxc6 bxc6 7. Bd3 d5
8. O-O Bb4 9. e5 Nd7 10. Qg4 g6 11. Qxb4 {Black resigns} 1-0

[Event "ICCopen2017"]
[Site "Internet Chess Club"]
[Date "2017.03.19"]
[Round "1"]
[White "kurumania"]
[Black "ComeonJimtal"]
[Result "1-0"]
[ICCResult "Black resigns"]
[WhiteElo "2815"]
[BlackElo "1713"]
[Opening "Queen's pawn: London system"]
[ECO "A45"]
[NIC "QP.07"]
[Time "19:02:02"]
[TimeControl "180+0"]

1. d4 Nf6 2. Bf4 e6 3. e3 b6 4. Nf3 Bb7 5. h3 d6 6. Bd3 Nbd7 7. O-O c6 8.
Nbd2 Qc7 9. e4 e5 10. Bh2 h6 11. Nc4 b5 12. Ncxe5 dxe5 13. dxe5 Nh7 14. e6
Ne5 15. Bxe5 Bd6 16. exf7+ Kxf7 17. Bc4+ bxc4 18. Bxd6 Qd7 19. Ne5+
{Black resigns}
1-0

[Event "ICCopen2017"]
[Site "Internet Chess Club"]
[Date "2017.03.19"]
[Round "1"]
[White "Trentosk"]
[Black "BeerMeUpScotty"]
[Result "1-0"]
[ICCResult "Black resigns"]
[WhiteElo "2524"]
[BlackElo "1637"]
[Opening "Sicilian: Canal-Sokolsky attack, 3...Bd7"]
[ECO "B52"]
[NIC "SI.01"]
[Time "19:01:17"]
[TimeControl "180+0"]

1. e4 c5 2. Nf3 d6 3. Bb5+ Bd7 4. Bxd7+ Nxd7 5. O-O Ngf6 6. Re1 e6 7. c3 Qc7
8. d4 Be7 9. h3 O-O 10. Bf4 Rac8 11. Nbd2 a6 12. e5 dxe5 13. Nxe5 Nxe5 14.
Bxe5 Qc6 15. dxc5 Qxc5 16. Qf3 b5 17. Bxf6 Bxf6 18. Ne4 Qe7 19. Nxf6+ Qxf6
20. Qxf6 gxf6 21. Rad1 Rfd8 22. Kf1 Kf8 23. Ke2 Ke7 24. a3 Rxd1 25. Rxd1 Rc6
26. Rd4 e5 27. Rh4 f5 28. Rxh7 Kf6 29. Rh6+ {Black resigns} 1-0

[Event "ICCopen2017"]
[Site "Internet Chess Club"]
[Date "2017.03.19"]
[Round "1"]
[White "GrandPatzer5"]
[Black "krankenstein"]
[Result "1-0"]
[ICCResult "Black resigns"]
[WhiteElo "1821"]
[BlackElo "1056"]
[Opening "Petrov three knights game"]
[ECO "C26"]
[NIC "VO.15"]
[Time "19:01:06"]
[TimeControl "180+0"]

1. Nc3 Nf6 2. e4 e5 3. Nf3 d6 4. d4 exd4 5. Qxd4 c5 6. Bb5+ Nc6 7. Bxc6+
bxc6 8. Qd3 Be6 9. O-O Be7 10. Bf4 c4 11. Qd2 O-O 12. Rad1 Bg4 13. Bxd6 Bxf3
14. gxf3 Re8 15. Bxe7 Qxe7 16. Qd6 Qb7 17. b3 cxb3 18. axb3 Rad8 19. Qxd8
{Black resigns}
1-0

[Event "ICCopen2017"]
[Site "Internet Chess Club"]
[Date "2017.03.19"]
[Round "1"]
[White "jefferyx"]
[Black "mikrotonic2"]
[Result "1-0"]
[ICCResult "Black resigns"]
[WhiteElo "2668"]
[BlackElo "1731"]
[Opening "Queen's pawn: London system"]
[ECO "A45"]
[NIC "QP.07"]
[Time "19:00:46"]
[TimeControl "180+0"]

1. d4 Nf6 2. Bf4 d6 3. e3 h6 4. h3 g5 5. Bh2 Bg7 6. Bd3 Nc6 7. c3 e5 8. Nd2
Qe7 9. Ne2 Bd7 10. Qc2 O-O-O 11. O-O-O d5 12. dxe5 Nxe5 13. Bf5 Kb8 14. Nd4
Rhe8 15. Bxe5 Qxe5 16. Bxd7 Nxd7 17. N2f3 Qf6 18. Qf5 c6 19. h4 Qxf5 20.
Nxf5 Bf6 21. Nxh6 gxh4 22. Nxf7 Rc8 23. Nd6 Rh8 24. Nxc8 Kxc8 25. g4 h3 26.
Rdg1 Ne5 27. Nxe5 Bxe5 28. f4 Bf6 29. Rg3 h2 30. Rg2 Rh3 31. Kd2 Be7 32.
Rhxh2 Rf3 33. Ke2 {Black resigns} 1-0

[Event "ICCopen2017"]
[Site "Internet Chess Club"]
[Date "2017.03.19"]
[Round "1"]
[White "Lisebeth"]
[Black "MassCarnage"]
[Result "0-1"]
[ICCResult "White resigns"]
[WhiteElo "1328"]
[BlackElo "1875"]
[Opening "English opening"]
[ECO "A16"]
[NIC "EO.64"]
[Time "19:02:22"]
[TimeControl "180+0"]

1. c4 Nf6 2. Nc3 g6 3. g3 Bg7 4. Bg2 O-O 5. e3 c5 6. Nge2 Nc6 7. d4 cxd4 8.
Nxd4 Qb6 9. Nxc6 bxc6 10. O-O Bb7 11. Rb1 d5 12. cxd5 cxd5 13. b3 Rfd8 14.
Qf3 {White resigns} 0-1

[Event "ICCopen2017"]
[Site "Internet Chess Club"]
[Date "2017.03.19"]
[Round "1"]
[White "Magagna"]
[Black "whiteshark"]
[Result "0-1"]
[ICCResult "White resigns"]
[WhiteElo "1601"]
[BlackElo "2480"]
[Opening "King's Indian: Sämisch, 5...O-O"]
[ECO "E81"]
[NIC "KI.37"]
[Time "19:01:22"]
[TimeControl "180+0"]

1. d4 Nf6 2. c4 g6 3. Nc3 Bg7 4. e4 d6 5. f3 O-O 6. Bd3 e5 7. d5 c6 8. Be3
cxd5 9. cxd5 a6 10. Nge2 b5 11. O-O Nbd7 12. Qb3 Nh5 13. Rac1 Nc5 14. Qc2
Bd7 15. b4 Nxd3 16. Qxd3 f5 17. Bf2 Qg5 18. Ng3 Nf4 19. Qd2 Nh3+ {White
resigns} 0-1

[Event "ICCopen2017"]
[Site "Internet Chess Club"]
[Date "2017.03.19"]
[Round "1"]
[White "Dewey"]
[Black "Ancient"]
[Result "0-1"]
[ICCResult "White resigns"]
[WhiteElo "1399"]
[BlackElo "2008"]
[Opening "English opening"]
[ECO "D35"]
[NIC "EO.64"]
[Time "19:01:31"]
[TimeControl "180+0"]

1. c4 e6 2. Nc3 d5 3. cxd5 exd5 4. d4 Nf6 5. Nf3 Be7 6. e3 O-O 7. Bd3 c6 8.
O-O Nbd7 9. a3 Re8 10. Re1 Nf8 11. h3 Ng6 12. e4 dxe4 13. Nxe4 Nxe4 14. Bxe4
Be6 15. Bxg6 hxg6 16. Be3 Bf6 17. Qc2 Qd5 18. Rad1 Bxh3 19. Qe2 Bg4 20. Rc1
Rad8 21. Rc5 Bxf3 22. Rxd5 Bxe2 23. Rxe2 Rxd5 24. Rd2 Red8 {White resigns}
0-1

[Event "ICCopen2017"]
[Site "Internet Chess Club"]
[Date "2017.03.19"]
[Round "1"]
[White "Carpe-Diem"]
[Black "penguingm1"]
[Result "0-1"]
[ICCResult "White resigns"]
[WhiteElo "1725"]
[BlackElo "2854"]
[Opening "Giuoco Piano"]
[ECO "C50"]
[NIC "IG.02"]
[Time "19:00:44"]
[TimeControl "180+0"]

1. e4 e5 2. Nf3 Nc6 3. Bc4 Bc5 4. O-O Nf6 5. d4 Bxd4 6. Nxd4 Nxd4 7. f4 d6
8. fxe5 dxe5 9. Bg5 Qe7 10. c3 Ne6 11. Bxf6 gxf6 12. Kh1 Rg8 13. Na3 Nf4 14.
g3 Bh3 15. gxf4 Bg2+ 16. Kg1 Bf3+ 17. Kf2 Bxd1 18. Raxd1 exf4 19. Rd5 c6 20.
Rd3 Qc5+ 21. Kf3 Qh5+ 22. Kf2 Qxh2+ 23. Ke1 Qxb2 {White resigns} 0-1

[Event "ICCopen2017"]
[Site "Internet Chess Club"]
[Date "2017.03.19"]
[Round "1"]
[White "K-Georgiev"]
[Black "geilgambler"]
[Result "1-0"]
[ICCResult "Black resigns"]
[WhiteElo "2963"]
[BlackElo "1751"]
[Opening "Old Benoni defense"]
[ECO "A44"]
[NIC "OI.09"]
[Time "19:01:10"]
[TimeControl "180+0"]

1. d4 c5 2. d5 e5 3. Nc3 d6 4. e4 Be7 5. Bb5+ Bd7 6. a4 Nf6 7. Nf3 O-O 8.
O-O Bg4 9. h3 Bxf3 10. Qxf3 a6 11. Be2 Nbd7 12. a5 Ne8 13. Bd2 Bg5 14. Be1
Bh6 15. Na4 g6 16. b4 cxb4 17. Bxb4 Rc8 18. c4 f5 19. exf5 Rxf5 20. Qa3 Qf6
21. Bg4 Rxc4 22. Bxf5 gxf5 23. Nb6 Nxb6 24. axb6 Bf8 25. Rac1 Rh4 26. Rc8
Qf7 27. Qg3+ {Black resigns} 1-0

[Event "ICCopen2017"]
[Site "Internet Chess Club"]
[Date "2017.03.19"]
[Round "1"]
[White "Chessjester"]
[Black "AlonzoB"]
[Result "1-0"]
[ICCResult "Black resigns"]
[WhiteElo "1852"]
[BlackElo "1197"]
[Opening "English opening"]
[ECO "A20"]
[NIC "EO.24"]
[Time "19:01:52"]
[TimeControl "180+0"]

1. c4 e5 2. g3 d6 3. Bg2 c5 4. Nc3 Nf6 5. Nf3 Be6 6. d3 Nc6 7. O-O Be7 8. a3
O-O 9. Rb1 a6 10. b4 Rb8 11. b5 axb5 12. Rxb5 d5 13. Ng5 d4 14. Nxe6 fxe6
15. Ne4 h6 16. Nxc5 Na7 17. Nxe6 {Black resigns} 1-0

[Event "ICCopen2017"]
[Site "Internet Chess Club"]
[Date "2017.03.19"]
[Round "1"]
[White "kathmales"]
[Black "glokoll"]
[Result "1-0"]
[ICCResult "Black resigns"]
[WhiteElo "2240"]
[BlackElo "1494"]
[Opening "Robatsch defense"]
[ECO "B06"]
[NIC "KF.05"]
[Time "19:01:55"]
[TimeControl "180+0"]

1. e4 g6 2. d4 Bg7 3. Nc3 c6 4. Be3 e6 5. e5 d5 6. exd6 Qxd6 7. Nf3 Ne7 8.
Bc4 Nd5 9. O-O Kf8 10. Ne4 Qe7 11. Bb3 b5 12. c4 bxc4 13. Bxc4 a5 14. b3 Na6
15. Rc1 Nab4 16. Qe2 f5 17. Nc5 Bf6 18. Bh6+ Kf7 19. a3 g5 20. axb4 axb4 21.
h4 Kg6 22. Bxg5 Bxg5 23. hxg5 h5 24. Bxd5 cxd5 25. Ne5+ Kg7 26. f4 Ba6 27.
Nxa6 Rhc8 28. Nc6 Qf7 29. Qe5+ Kg6 30. Naxb4 Ra2 31. Nxa2 Rf8 32. Qd6 Re8
33. Ne5+ {Black resigns} 1-0

[Event "ICCopen2017"]
[Site "Internet Chess Club"]
[Date "2017.03.19"]
[Round "1"]
[White "Red-white"]
[Black "ehkopean"]
[Result "1-0"]
[ICCResult "Black resigns"]
[WhiteElo "3012"]
[BlackElo "1758"]
[Opening "French: Paulsen variation"]
[ECO "C10"]
[NIC "FR.04"]
[Time "19:00:55"]
[TimeControl "180+0"]

1. e4 e6 2. d4 d5 3. Nc3 Be7 4. Bd3 dxe4 5. Nxe4 Nf6 6. Nf3 Bd7 7. Ne5 Nxe4
8. Bxe4 Nc6 9. O-O Nxe5 10. dxe5 Rb8 11. Be3 b6 12. Qg4 g6 13. Rad1 Qc8 14.
Bg5 Bxg5 15. Qxg5 O-O 16. h4 Qd8 17. Qh6 f5 18. Bc6 Rf7 19. h5 Qe8 20. Rxd7
Rxd7 21. hxg6 hxg6 22. Bxd7 Qxd7 23. Qxg6+ Kf8 24. Qf6+ Qf7 25. Qh8+ Qg8 26.
Qh6+ Ke7 27. Rd1 Qf7 28. Rd3 Rg8 29. Qh4+ Kf8 30. Rd8+ Kg7 31. Qg5+ Qg6 32.
Rxg8+ {Black resigns} 1-0

[Event "ICCopen2017"]
[Site "Internet Chess Club"]
[Date "2017.03.19"]
[Round "1"]
[White "bugsino"]
[Black "ibarra"]
[Result "0-1"]
[ICCResult "White resigns"]
[WhiteElo "1684"]
[BlackElo "2681"]
[Opening "Sicilian: Canal-Sokolsky (Nimzovich-Rossolimo, Moscow) attack"]
[ECO "B51"]
[NIC "SI.01"]
[Time "19:01:29"]
[TimeControl "180+0"]

1. e4 c5 2. Nf3 d6 3. Bb5+ Nc6 4. O-O Bd7 5. Re1 Nf6 6. c3 a6 7. Bf1 Bg4 8.
h3 Bxf3 9. Qxf3 g6 10. d3 Bg7 11. Be3 Nd7 12. Nd2 O-O 13. a4 Rb8 14. Nb3 Qb6
15. Ra3 Rfc8 16. Qd1 Na5 17. Nxa5 Qxa5 18. b4 cxb4 19. cxb4 Qxb4 20. Qa1
Bxa1 {White resigns} 0-1

[Event "ICCopen2017"]
[Site "Internet Chess Club"]
[Date "2017.03.19"]
[Round "1"]
[White "turolo"]
[Black "olimpioMD"]
[Result "1-0"]
[ICCResult "Black checkmated"]
[WhiteElo "1922"]
[BlackElo "1360"]
[Opening "Queen's pawn: London system"]
[ECO "A45"]
[NIC "QP.07"]
[Time "19:01:19"]
[TimeControl "180+0"]

1. d4 Nf6 2. Bf4 g6 3. Nc3 Bg7 4. e4 d5 5. e5 Ne4 6. Nxe4 dxe4 7. Qd2 c6 8.
Bc4 e6 9. O-O-O b5 10. Be2 a5 11. Bg5 Qb6 12. f3 a4 13. fxe4 b4 14. d5 b3
15. dxe6 O-O 16. exf7+ Rxf7 17. Bc4 Bg4 18. Qd8+ Qxd8 19. Rxd8+ Bf8 20. Bh6
Nd7 21. Rxa8 bxc2 22. Nf3 Bxf3 23. gxf3 Nxe5 24. Rxf8# {Black checkmated}
1-0

[Event "ICCopen2017"]
[Site "Internet Chess Club"]
[Date "2017.03.19"]
[Round "1"]
[White "arshavin2015"]
[Black "JoaBN"]
[Result "0-1"]
[ICCResult "White checkmated"]
[WhiteElo "1991"]
[BlackElo "1727"]
[Opening "Sicilian: Hungarian variation"]
[ECO "B27"]
[NIC "SI.43"]
[Time "19:01:23"]
[TimeControl "180+0"]

1. e4 c5 2. Nf3 g6 3. g3 Bg7 4. Bg2 Nc6 5. O-O e5 6. Nc3 Nge7 7. d3 O-O 8.
Be3 d6 9. Qd2 f5 10. Bh6 f4 11. Bxg7 Kxg7 12. Nd5 Bg4 13. h3 Bxf3 14. Bxf3
Nd4 15. Bh1 Nxd5 16. exd5 Qg5 17. c3 Nf5 18. g4 h5 19. f3 Ne3 20. Rfe1 hxg4
21. hxg4 Rh8 22. Bg2 Rh7 23. d4 Rah8 24. dxe5 dxe5 25. Rxe3 fxe3 26. Qe2 Qf4
27. Re1 Qg3 28. Qxe3 Rh1# {White checkmated} 0-1

[Event "ICCopen2017"]
[Site "Internet Chess Club"]
[Date "2017.03.19"]
[Round "1"]
[White "KnightWalker"]
[Black "Ohanessian"]
[Result "0-1"]
[ICCResult "White checkmated"]
[WhiteElo "1441"]
[BlackElo "2086"]
[Opening "Alekhine's defense: exchange variation"]
[ECO "B03"]
[NIC "AL.08"]
[Time "19:00:44"]
[TimeControl "180+0"]

1. e4 Nf6 2. e5 Nd5 3. d4 d6 4. c4 Nb6 5. exd6 cxd6 6. h3 g6 7. Nf3 Bg7 8.
Be2 O-O 9. O-O Nc6 10. Nc3 Bf5 11. Be3 d5 12. c5 Nc8 13. a3 Be4 14. Qd2 Bxf3
15. Bxf3 e6 16. b4 a6 17. Rac1 N8e7 18. Bh6 Nxd4 19. Bxg7 Nxf3+ 20. gxf3
Kxg7 21. Ne2 Nf5 22. Ng3 Qh4 23. Kh2 Nd4 24. Qc3 Kg8 25. Qe3 Rae8 26. f4 Nf5
27. Nxf5 exf5 28. Qg3 Qf6 29. Rfe1 Re4 30. f3 Rxe1 31. Rxe1 Rd8 32. Re5 d4
33. Qe1 d3 34. Re8+ Rxe8 35. Qxe8+ Kg7 36. Qe1 Qb2+ 37. Kg3 d2 38. Qe2 Qc1
39. Qe5+ Kh6 40. Qf6 Qg1+ 41. Kh4 Qf2# {White checkmated} 0-1

[Event "ICCopen2017"]
[Site "Internet Chess Club"]
[Date "2017.03.19"]
[Round "1"]
[White "LiangLiang"]
[Black "pilot"]
[Result "1-0"]
[ICCResult "Black resigns"]
[WhiteElo "1790"]
[BlackElo "945"]
[Opening "Ruy Lopez: classical (Cordel) defense"]
[ECO "C64"]
[NIC "RL.01"]
[Time "19:01:13"]
[TimeControl "180+0"]

1. e4 e5 2. Nf3 Nc6 3. Bb5 Bc5 4. O-O d6 5. c3 Nf6 6. d4 exd4 7. cxd4 Bb6 8.
d5 O-O 9. dxc6 bxc6 10. Bxc6 Rb8 11. Nc3 Bb7 12. Bxb7 Rxb7 13. Bg5 Re8 14.
Bxf6 Qxf6 15. Qd5 Rbb8 16. Rae1 Rbc8 17. e5 dxe5 18. Rxe5 c6 19. Qe4 Re6 20.
Rxe6 fxe6 21. Qe5 Rf8 22. Qxf6 Rxf6 23. Rd1 Kf7 24. Ne4 Rg6 25. Ne5+
{Black resigns}
1-0

[Event "ICCopen2017"]
[Site "Internet Chess Club"]
[Date "2017.03.19"]
[Round "1"]
[White "Brothersinarms"]
[Black "Maxbet"]
[Result "0-1"]
[ICCResult "White resigns"]
[WhiteElo "1743"]
[BlackElo "2898"]
[Opening "Sicilian: wing gambit"]
[ECO "B20"]
[NIC "SI.48"]
[Time "19:01:50"]
[TimeControl "180+0"]

1. e4 c5 2. b4 cxb4 3. d4 d5 4. exd5 Nf6 5. Nf3 Nxd5 6. Bc4 Nc6 7. O-O e6 8.
a3 bxa3 9. Bxa3 Bxa3 10. Rxa3 O-O 11. h4 h6 12. Qe2 Rb8 13. Bd3 Nf4 14. Qe4
Nxd3 15. Rxd3 Qd5 16. Qf4 b5 17. Nc3 Qf5 18. Qc7 Bb7 19. d5 Nb4 20. Rd4 Nxd5
21. Nxb5 Nxc7 {White resigns} 0-1

[Event "ICCopen2017"]
[Site "Internet Chess Club"]
[Date "2017.03.19"]
[Round "1"]
[White "zelog"]
[Black "bookseller"]
[Result "1-0"]
[ICCResult "Black resigns"]
[WhiteElo "2069"]
[BlackElo "1433"]
[Opening "English, 1...Nf6 (Anglo-Indian defense)"]
[ECO "A15"]
[NIC "RE.06"]
[Time "19:01:05"]
[TimeControl "180+0"]

1. c4 Nf6 2. g3 c6 3. Bg2 d5 4. Nf3 Bf5 5. O-O e6 6. Qb3 dxc4 7. Qxb7 Nbd7
8. Qxc6 Rc8 9. Qa4 Bd6 10. Nh4 Be4 11. Bxe4 Nxe4 12. Qxa7 Bc5 13. Qb7 f5 14.
Nc3 Rb8 15. Qc6 O-O 16. Qxe6+ Kh8 17. Nxe4 fxe4 18. Qxe4 Nf6 19. Qxc4 Qb6
20. e3 {Black resigns} 1-0

[Event "ICCopen2017"]
[Site "Internet Chess Club"]
[Date "2017.03.19"]
[Round "1"]
[White "jajaba"]
[Black "NeonGenesis"]
[Result "1-0"]
[ICCResult "Black resigns"]
[WhiteElo "1840"]
[BlackElo "1146"]
[Opening "Réti opening"]
[ECO "A05"]
[NIC "QP.11"]
[Time "19:01:37"]
[TimeControl "180+0"]

1. Nf3 Nf6 2. Nc3 d5 3. d3 c6 4. Bg5 Nbd7 5. e4 e6 6. Be2 h6 7. Bh4 Be7 8.
O-O O-O 9. e5 Ng4 10. Bxe7 Qxe7 11. d4 f6 12. h3 fxe5 13. hxg4 exd4 14. Nxd4
Qh4 15. g3 Qh3 16. Nxe6 Rf6 17. Nf4 Rxf4 18. gxf4 Nf6 19. Qd3 Bxg4 20. Qxh3
Bxh3 21. Rfe1 Bf5 22. Bd3 Bxd3 23. cxd3 d4 24. Ne4 Nxe4 25. Rxe4 Rd8 26.
Rae1 {Black resigns} 1-0

[Event "ICCopen2017"]
[Site "Internet Chess Club"]
[Date "2017.03.19"]
[Round "1"]
[White "BronStorm"]
[Black "sanguine"]
[Result "1-0"]
[ICCResult "Black resigns"]
[WhiteElo "1814"]
[BlackElo "1131"]
[Opening "Scotch game"]
[ECO "C45"]
[NIC "SO.04"]
[Time "19:01:40"]
[TimeControl "180+0"]

1. e4 e5 2. Nf3 Nc6 3. d4 exd4 4. Nxd4 d5 5. Bb5 Nf6 6. Nxc6 Qd6 7. Nd4+ c6
8. Ba4 Be7 9. O-O O-O 10. exd5 Nxd5 11. h3 Bh4 12. Nf3 Bf6 13. c4 Be5 14.
cxd5 cxd5 15. Nc3 Bxh3 16. gxh3 Qg6+ 17. Kh1 Qh5 18. Ng1 Qh4 19. Qg4 Qf6 20.
Nxd5 Qc6 21. Bxc6 {Black resigns} 1-0

[Event "ICCopen2017"]
[Site "Internet Chess Club"]
[Date "2017.03.19"]
[Round "1"]
[White "GoogleGirl"]
[Black "lazywillis"]
[Result "1-0"]
[ICCResult "Black checkmated"]
[WhiteElo "1836"]
[BlackElo "1120"]
[Opening "Queen's pawn: London system"]
[ECO "A45"]
[NIC "QP.05"]
[Time "19:00:56"]
[TimeControl "180+0"]

1. d4 Nf6 2. Bf4 e6 3. Nf3 b6 4. e3 Bb7 5. Be2 Be7 6. O-O O-O 7. h3 d5 8. c4
Nbd7 9. Nc3 c5 10. cxd5 Nxd5 11. Bg3 Rc8 12. Rc1 cxd4 13. exd4 N7f6 14. Re1
Bd6 15. Ne5 Nd7 16. Nxd5 Bxd5 17. Qd2 Nxe5 18. dxe5 Bc5 19. a3 Qe7 20. b4
Bxf2+ 21. Bxf2 Rxc1 22. Rxc1 Qd7 23. Qc2 Bb7 24. Qc7 Qxc7 25. Rxc7 Bd5 26.
Rxa7 b5 27. Bc5 Rb8 28. Rc7 Bc4 29. Bxc4 bxc4 30. Bd6 Rb5 31. Rxc4 Rd5 32.
Rc8# {Black checkmated} 1-0

[Event "ICCopen2017"]
[Site "Internet Chess Club"]
[Date "2017.03.19"]
[Round "1"]
[White "DreadHead"]
[Black "Mandragora"]
[Result "1-0"]
[ICCResult "Black resigns"]
[WhiteElo "2432"]
[BlackElo "1590"]
[Opening "Nimzovich-Larsen attack: English variation"]
[ECO "A01"]
[NIC "VO.08"]
[Time "19:00:45"]
[TimeControl "180+0"]

1. b3 c5 2. Bb2 Nc6 3. e3 b6 4. Nf3 Bb7 5. d4 cxd4 6. Nxd4 Nxd4 7. Qxd4 Nf6
8. c4 e6 9. Nc3 Bc5 10. Qh4 Bb4 11. Bd3 d5 12. O-O dxc4 13. Bxc4 Bxc3 14.
Bxc3 Bd5 15. Bxf6 Qxf6 16. Qxf6 gxf6 17. Bxd5 exd5 18. Rac1 Kd7 19. Rfd1 Ke6
20. Rc6+ Ke5 21. Rc7 Ke6 22. Rc6+ Ke5 23. f4+ Ke4 24. Kf2 Kf5 25. Rxd5+ Kg6
26. Rdd6 Rhe8 27. Rxf6+ Kg7 28. Rfd6 Re4 29. Kf3 Rae8 30. Rd3 h5 31. Rc7
R8e7 32. Rxe7 Rxe7 33. e4 a5 34. e5 Re6 35. Ke4 f5+ 36. Kxf5 Rg6 37. Rd7+
Kf8 38. Kxg6 {Black resigns} 1-0

[Event "ICCopen2017"]
[Site "Internet Chess Club"]
[Date "2017.03.19"]
[Round "1"]
[White "Atlantis75"]
[Black "WoodPushkin"]
[Result "1-0"]
[ICCResult "Black resigns"]
[WhiteElo "1963"]
[BlackElo "1450"]
[Opening "Queen's pawn game"]
[ECO "D00"]
[NIC "QP.08"]
[Time "19:01:05"]
[TimeControl "180+0"]

1. d4 d5 2. c3 Nf6 3. Nd2 c6 4. Qc2 Nbd7 5. e4 dxe4 6. Nxe4 Nxe4 7. Qxe4 Nf6
8. Qc2 e6 9. Nf3 Bd6 10. h3 Qe7 11. Be3 e5 12. dxe5 Bxe5 13. Nxe5 Qxe5 14.
O-O-O O-O 15. Bd3 Be6 16. Kb1 b5 17. Bd4 Qg5 18. h4 Qh6 19. Be3 Qh5 20. f3
Rfd8 21. g4 Qd5 22. Bxh7+ Nxh7 23. Rxd5 {Black resigns} 1-0

[Event "ICCopen2017"]
[Site "Internet Chess Club"]
[Date "2017.03.19"]
[Round "1"]
[White "sravanrenjith"]
[Black "akibael"]
[Result "0-1"]
[ICCResult "White resigns"]
[WhiteElo "1495"]
[BlackElo "2157"]
[Opening "Pirc: classical system, 5.Be2"]
[ECO "B08"]
[NIC "PU.03"]
[Time "19:01:34"]
[TimeControl "180+0"]

1. d4 d6 2. e4 Nf6 3. Nc3 g6 4. Nf3 Bg7 5. Be2 O-O 6. Be3 Bg4 7. O-O Nbd7 8.
h3 Bxf3 9. Bxf3 e5 10. d5 a5 11. a4 Nc5 12. Bxc5 dxc5 13. Qe2 Ne8 14. Qc4 b6
15. Rfd1 Nd6 16. Qe2 f5 17. Nb5 Rf7 18. Nxd6 cxd6 19. exf5 gxf5 20. Qb5 e4
21. Be2 Be5 22. Kh1 Rg7 23. Qb3 Qh4 24. Rf1 Rb8 25. Rae1 f4 26. Bd1 f3 27.
Rg1 Kh8 28. Qe3 Rxg2 29. Rxg2 Qxh3+ {White resigns} 0-1

[Event "ICCopen2017"]
[Site "Internet Chess Club"]
[Date "2017.03.19"]
[Round "1"]
[White "josper05"]
[Black "Nos"]
[Result "0-1"]
[ICCResult "White checkmated"]
[WhiteElo "1492"]
[BlackElo "2227"]
[Opening "English, 1...Nf6 (Anglo-Indian defense)"]
[ECO "A15"]
[NIC "EO.64"]
[Time "19:01:23"]
[TimeControl "180+0"]

1. c4 Nf6 2. g3 g6 3. Bg2 Bg7 4. Nc3 O-O 5. e4 e5 6. Nge2 d6 7. O-O a6 8. d3
c6 9. h3 b5 10. Be3 b4 11. Nb1 Nbd7 12. Qd2 Rb8 13. d4 Re8 14. b3 exd4 15.
Bxd4 Nxe4 16. Bxe4 Rxe4 17. Bxg7 Kxg7 18. Qxd6 Rxe2 19. Nd2 Qf6 20. Qd3 Re8
21. Ne4 Qe5 22. Rfe1 f5 23. Nd6 Qxe1+ 24. Rxe1 Rxe1+ 25. Kg2 Nf6 26. Nxc8
Rxc8 27. Qd2 Rce8 28. Qxb4 R1e2 29. Qb7+ R8e7 30. Qxa6 Ne4 31. Qxc6 Rxf2+
32. Kg1 Rxa2 33. Qd5 Nf6 34. Qd6 Re1# {White checkmated} 0-1

[Event "ICCopen2017"]
[Site "Internet Chess Club"]
[Date "2017.03.19"]
[Round "1"]
[White "Attalus"]
[Black "shally"]
[Result "0-1"]
[ICCResult "White resigns"]
[WhiteElo "1346"]
[BlackElo "1912"]
[Opening "Queen's pawn: London system"]
[ECO "A45"]
[NIC "QP.07"]
[Time "19:01:28"]
[TimeControl "180+0"]

1. d4 Nf6 2. Bf4 d6 3. e3 g6 4. Be2 Bg7 5. c3 O-O 6. Nd2 Nc6 7. Bd3 e5 8.
Bg3 Qe7 9. Ne2 Nh5 10. O-O f5 11. f4 exd4 12. exd4 Qe3+ 13. Bf2 Qxd3 14. Nf3
Qxd1 15. Raxd1 Bd7 16. d5 Na5 17. Ng5 h6 18. Ne6 Bxe6 19. dxe6 Rfe8 20. Nd4
Nxf4 21. Bg3 Bxd4+ 22. cxd4 Nxe6 23. d5 Ng5 24. h4 Ne4 25. Be1 Nc4 26. b3
Ne3 {White resigns} 0-1

[Event "ICCopen2017"]
[Site "Internet Chess Club"]
[Date "2017.03.19"]
[Round "1"]
[White "RnZ"]
[Black "watchout"]
[Result "1-0"]
[ICCResult "Black checkmated"]
[WhiteElo "2061"]
[BlackElo "1402"]
[Opening "Réti: King's Indian attack (Barcza system)"]
[ECO "A07"]
[NIC "QP.09"]
[Time "19:01:08"]
[TimeControl "180+0"]

1. Nf3 d5 2. g3 e6 3. Bg2 c5 4. d3 Nc6 5. O-O Nf6 6. b3 Be7 7. Bb2 O-O 8.
Nbd2 Bd7 9. e4 dxe4 10. dxe4 Ne8 11. e5 Nc7 12. c3 Nd5 13. c4 Nc7 14. Ne4 b6
15. Qe2 Qc8 16. Rfd1 Rd8 17. h4 Nb4 18. a3 Nba6 19. h5 Bc6 20. h6 gxh6 21.
Nf6+ Bxf6 22. exf6 Qb7 23. Ne5 Rxd1+ 24. Rxd1 Bxg2 25. Qg4+ Kf8 26. Qg7+ Ke8
27. Qg8# {Black checkmated} 1-0

[Event "ICCopen2017"]
[Site "Internet Chess Club"]
[Date "2017.03.19"]
[Round "1"]
[White "DoctorWho"]
[Black "Littlejack1"]
[Result "1-0"]
[ICCResult "Black checkmated"]
[WhiteElo "1860"]
[BlackElo "1328"]
[Opening "Nimzo-Indian: 4.e3 O-O, 5.Bd3"]
[ECO "E47"]
[NIC "NI.11"]
[Time "19:01:17"]
[TimeControl "180+0"]

1. d4 Nf6 2. c4 e6 3. Nc3 Bb4 4. e3 O-O 5. Bd3 b6 6. e4 Bb7 7. f3 d5 8. cxd5
exd5 9. e5 Re8 10. Ne2 Nfd7 11. a3 Bxc3+ 12. bxc3 c5 13. O-O c4 14. Bb1 Nc6
15. Ng3 Na5 16. Qc2 Nb3 17. Qxh7+ Kf8 18. Qh8+ Ke7 19. Bg5+ f6 20. Qxg7+ Ke6
21. Bf5# {Black checkmated} 1-0